 Dungeon Crawl Stone Soup version 0.23-a0-636-g0ff6057 (webtiles) character file.

151711 tilp the Impaler (level 17, 0/140 HPs)
             Began as a Merfolk Ice Elementalist on Dec 27, 2018.
             Was the Champion of Makhleb.
             Killed from afar by Nikola (25 damage)
             ... with a chain lightning
             ... on level 1 of the Snake Pit on Dec 28, 2018.
             The game lasted 03:59:00 (48271 turns).

tilp the Impaler (Merfolk Ice Elementalist)        Turns: 48271, Time: 03:59:01

Health: 0/140      AC: 17    Str: 13    XL:     17   Next: 26%
Magic:  14/29      EV: 22    Int: 20    God:    Makhleb [******]
Gold:   406        SH:  5    Dex: 14    Spells: 10/33 levels left

rFire    + . .     SeeInvis .   a - +5 demon trident (drain)
rCold    + + +     Gourm    .   w - +0 buckler of Yhofubb {*Contam rPois rC++ rN+}
rNeg     + . .     Faith    +   S - +3 leather armour {rF+}
rPois    +         Spirit   .   E - +1 helmet
rElec    .         Reflect  .   H - +2 cloak
rCorr    +         Harm     .   G - +2 pair of gloves
MR       +....                  V - +2 pair of boots
Stlth    ++........             Y - amulet of faith
HPRegen  1.33/turn              s - +4 ring of evasion
MPRegen  0.21/turn              D - ring of Vetzaomic {rCorr +Fly rC+ Str+3}

@: very slightly contaminated, regenerating
A: change form in water, swift swim, stealthy swim
}: 1/15 runes: barnacled
a: Minor Destruction, Lesser Servant of Makhleb, Major Destruction, Greater
Servant of Makhleb, Renounce Religion, Evoke Flight


You were on level 1 of the Snake Pit.
You worshipped Makhleb.
Makhleb was exalted by your worship.
You were not hungry.

You visited 6 branches of the dungeon, and saw 29 of its levels.
You visited the Abyss 1 time.
You also visited: Sewer and Ossuary.

You collected 3023 gold pieces.
You spent 2617 gold pieces at shops.

Inventory:

Hand Weapons
 a - a +5 demon trident of draining (weapon)
Missiles
 o - 13 throwing nets
 t - 88 tomahawks (quivered)
Armour
 w - the +0 buckler of Yhofubb (worn) {*Contam rPois rC++ rN+}
   (You bought it in a shop on level 2 of the Orcish Mines)

   It greatly protects you from cold.
   It protects you from poison.
   It protects you from negative energy.
   It causes magical contamination when unequipped.
 E - a +1 helmet (worn)
 G - a +2 pair of gloves (worn)
 H - a +2 cloak (worn)
 S - a +3 leather armour of fire resistance (worn)
 V - a +2 pair of boots (worn)
Magical Staves
 b - an uncursed staff of cold
 N - an uncursed staff of energy
Jewellery
 k - an uncursed ring of see invisible
 s - a +4 ring of evasion (left hand)
 u - an uncursed ring of wizardry {unknown}
 D - the ring of Vetzaomic (right hand) {rCorr +Fly rC+ Str+3}
   (You bought it in a shop on level 2 of the Orcish Mines)

   [ring of resist corrosion]

   It affects your strength (+3).
   It protects you from cold.
   It lets you fly.
 P - a +4 ring of dexterity
 Y - an amulet of faith (around neck)
Wands
 e - a wand of polymorph (7)
 l - a wand of clouds (2)
 F - a wand of digging (7)
 K - a wand of acid (3)
 T - a wand of disintegration (20)
 W - a wand of iceblast (18)
Scrolls
 d - 4 scrolls of silence
 g - 9 scrolls of identify
 i - a scroll of blinking
 j - a scroll of holy word
 m - 3 scrolls of brand weapon
 n - 8 scrolls of amnesia
 p - 6 scrolls of teleportation
 z - 3 scrolls of magic mapping
 A - a scroll of fog
 L - 11 scrolls of remove curse
Potions
 f - 12 potions of curing
 h - 2 potions of ambrosia
 q - 8 potions of haste
 r - 5 potions of might
 v - a potion of cancellation
 x - 6 potions of flight
 B - 3 potions of magic
 I - 7 potions of brilliance
 J - a potion of heal wounds
 M - 5 potions of mutation
 Q - a potion of resistance
 R - 6 potions of agility
 U - 2 potions of invisibility
Miscellaneous
 C - a crystal ball of energy
 O - a phial of floods
Comestibles
 c - 56 rations


   Skills:
 + Level 14.5 Fighting
 - Level 16.0 Polearms
 - Level 10.0 Dodging
 - Level 2.1 Stealth
 - Level 4.0 Shields
 + Level 8.7 Spellcasting
 + Level 5.1 Conjurations
 - Level 6.0 Charms
 - Level 2.1 Summonings
 - Level 2.0 Necromancy
 * Level 15.8 Ice Magic
 - Level 2.0 Air Magic
 - Level 10.0 Invocations
 - Level 10.0 Evocations


You had 10 spell levels left.
You knew the following spells:

 Your Spells              Type           Power        Failure   Level  Hunger
a - Freeze                Ice            ####         0%          1    None
b - Throw Frost           Conj/Ice       ######       1%          2    None
c - Ozocubu's Armour      Chrm/Ice       ######..     1%          3    None
d - Throw Icicle          Conj/Ice       ######..     1%          4    ###....
e - Summon Ice Beast      Ice/Summ       #####...     2%          4    ###....
f - Regeneration          Chrm/Necr      ###.......   6%          3    None
g - Animate Skeleton      Necr           N/A          4%          1    None
h - Swiftness             Chrm/Air       ###.....     3%          2    None
i - Vampiric Draining     Necr           ###.......   13%         3    None

Your spell library contained the following spells:

 Spells                   Type           Power        Failure   Level  Hunger
 Magic Dart               Conj           ####         1%          1    None
 Searing Ray              Conj           ####..       1%          2    None
 Ozocubu's Refrigeration  Ice            ######....   2%          6    ######.
 Ice Form                 Ice/Tmut       #####...     3%          4    ###....
 Pain                     Necr           ###.         4%          1    None
 Sandblast                Erth           #.....       10%         1    None
 Dazzling Spray           Conj/Hex       ###...       11%         3    None
 Stone Arrow              Conj/Erth      ###...       11%         3    None
 Metabolic Englaciation   Hex/Ice        #####.....   11%         5    #####..
 Iskenderun's Mystic Bla  Conj           ####....     12%         4    ###....
 Passwall                 Tmut/Erth      #.......     16%         2    None
 Bolt of Cold             Conj/Ice       ######....   21%         6    ######.
 Force Lance              Conj/Tloc      ###.....     34%         4    ###....
 Fulminant Prism          Conj/Hex       ###.......   34%         4    ###....
 Simulacrum               Ice/Necr       #####.....   36%         6    ######.
 Animate Dead             Necr           N/A          41%         4    ###....
 Freezing Cloud           Conj/Ice/Air   #####.....   54%         6    ######.
 Passage of Golubria      Tloc           N/A          69%         4    ###....
 Petrify                  Tmut/Erth      #.......     69%         4    ###....
 Lee's Rapid Deconstruct  Erth           #.........   95%         5    #####..
 Darkness                 Hex            #.........   100%        6    ######.
 Invisibility             Hex            #.......     100%        6    ######.


Dungeon Overview and Level Annotations

Branches:
Dungeon (15/15)            Temple (1/1) D:4            Lair (6/6) D:8
 Shoals (4/4) Lair:4        Snake (1/4) Lair:3        Slime (0/5) Lair:5
    Orc (2/2) D:12            Elf (0/3) Orc:2        Vaults (0/5) D:13
 Depths (0/5) D:15

Altars:
Ashenzari
Cheibriados
Dithmenos
Elyvilon
Fedhas
Gozag
Hepliaklqana
Kikubaaqudgha
Makhleb
Nemelex Xobeh
Okawaru
Qazlal
Ru
Sif Muna
Trog
Uskayaw
Vehumet
Wu Jian
Xom
Yredelemnul
Zin
The Shining One
Beogh
Jiyva

Shops:
D:5 (   D:6 *   D:8 =   D:9 *   D:11 [   D:13 ::   Orc:1 %   Orc:2 *([[%}[==
Shoals:1 (   Snake:1 !

Annotations:
D:8 Erica
D:12 3 runed doors, Frances; Tovarisch's ghost, journeyman OpWn
Lair:1 exclusion: 3 oklob plants
Lair:5 exclusion: oklob plant
Snake:1 Nikola


Message History

You hear a mighty clap of thunder!
The lightning arc hits you!
The lightning arc hits Nikola.
The lightning arc hits you!
The lightning arc hits Nikola.
The lightning arc hits you!
The lightning arc hits Nikola.
Blink to where?
Press: ? - help, Dir - move target cursor, p - Nikola You are very lightly contaminated with residual magic.
As you read the scroll of blinking, it crumbles to dust.
Your icy armour cracks and falls away as you move.
You start resting.
Nikola is too close now for your liking.
Casting: Throw Icicle (safe; 1% risk of failure)
Confirm with . or Enter, or press ? or * to list all spells.
Your skin crawls.
Nikola mumbles some strange words.
You hear a mighty clap of thunder!
The lightning arc hits you!
* * * LOW HITPOINT WARNING * * *
The lightning arc hits Nikola.
The lightning arc hits you!
You die...

...............# #.#
##############.# #.#
.....#########.# #.#
####.#.........###.#
.#...............#.#
.....#.###.........#
...#.#.# #.#####.#######
..####.# #.#.........@.#
.......###.#.#..@#####.#
.............#...# #.#
###.....##.###...# #.#
....###.#........# #.#
#######.#..####..# #.# #
#..............# #.# #
#.###.#..#..##.# #.# #
#.#............# #.# #
#.#.########.### #.#


You could see Nikola.

Vanquished Creatures
  A tentacled starspawn (Abyss:2)
  A frost giant (Shoals:4)
  An ophan (Abyss:2)
  4 merfolk javelineers
  8 merfolk impalers
  Josephine (D:11)
  2 anacondas (Snake:1)
  2 hydras
  4 merfolk avatars
  14 two-headed ogres
  3 alligator snapping turtles
  An ogre mage (Orc:1)
  4 merfolk aquamancers
  6 centaur warriors
  2 death yaks (Lair:2)
  2 thrashing horrors (Abyss:2)
  2 orc high priests
  A shock serpent (Snake:1)
  Nergalle (Lair:1)
  A wretched star (Abyss:2)
  4 unseen horrors
  10 sea snakes
  3 orc knights (Orc:2)
  5 harpies
  A wolf spider zombie (D:13)
  3 large abominations (Abyss:2)
  2 wizards (D:13)
  3 orc sorcerers
  2 deep elf magi
  A cyclops (Shoals:1)
  8 fauns
  A salamander (D:15)
  11 manticores
  6 ugly things
  2 worldbinders (Abyss:2)
  6 elephants
  8 black mambas
  6 merfolk sirens
  4 water nymphs
  A smoke demon (Abyss:2)
  An apocalypse crab (Abyss:2)
  A gargoyle (D:14)
  10 spiny frogs
  7 komodo dragons
  2 rime drakes
  3 efreet
  An ice devil (Abyss:2)
  2 ancient zymes (Abyss:2)
  3 trolls
  4 wind drakes
  3 polar bears (Lair:6)
  23 merfolk
  A raiju (Abyss:2)
  6 blink frogs
  2 hornets (Lair:6)
  A snapping turtle (shapeshifter) (D:15)
  15 dream sheep
  10 hippogriffs
  12 snapping turtles
  Sigmund (D:3)
  11 spriggans (Lair:6)
  6 water elementals
  4 wyverns
  33 yaks
  2 vampires
  A hungry ghost (D:7)
  6 wraiths
  The ghost of CcS the Digger, an amateur DDEE (D:3)
  A steam dragon (D:15)
  Grum (Lair:1)
  A vampire mosquito (D:8)
  Edmund (D:4)
  5 wargs
  2 acid dragons (D:14)
  3 nagas
  2 soldier ants
  5 porcupines
  11 water moccasins
  33 orc warriors
  5 sky beasts
  2 eyes of draining
  3 boggarts (Lair:6)
  2 black bears
  3 phantoms
  5 ice beasts
  9 ogres
  27 wolves
  26 centaurs
  11 crocodiles
  2 big kobolds
  28 bullfrogs
  An elf zombie (Ossuary)
  2 gnoll sergeants
  4 scorpions
  15 wights
  2 electric eels
  3 howler monkeys
  8 crimson imps
  2 centaur zombies
  A bullfrog zombie (D:6)
  3 quasits
  A human zombie (Ossuary)
  10 hounds
  2 jellies
  15 orc priests
  2 bullfrog skeletons
  2 centaur skeletons
  Crazy Yiuf (D:2)
  An iron imp (Abyss:2)
  Jessica (D:3)
  9 worker ants
  Natasha (thrice) (D:3)
  6 iguanas
  11 orc wizards
  A killer bee zombie (D:10)
  A big kobold zombie (Ossuary)
  A hound zombie (D:10)
  2 hound skeletons
  5 mummies
  14 gnolls
  15 adders
  A shadow imp (D:7)
  An ufetubus (Abyss:2)
  An ooze (Sewer)
  2 adder zombies
  An adder skeleton (D:5)
  4 worms
  3 dart slugs
  4 leopard geckos
  74 orcs
  8 giant cockroaches
  5 goblins
  4 hobgoblins
  13 jackals
  2 quokkas
  2 ball pythons (Sewer)
  8 bats
  4 frilled lizards
  A giant cockroach zombie (D:6)
  2 gnoll zombies (Ossuary)
  A goblin zombie (Ossuary)
  A jackal zombie (Ossuary)
  17 kobolds
  A kobold zombie (Ossuary)
  2 orc zombies (Ossuary)
  A quokka skeleton (D:5)
  A quokka zombie (D:7)
  10 rats
  A rat zombie (Ossuary)
  A spectral orc (D:5)
  A fungus (Lair:6)
829 creatures vanquished.

Vanquished Creatures (collateral kills)
  A dire elephant (Lair:6)
  2 merfolk javelineers (Shoals:2)
  A merfolk impaler (Shoals:1)
  A hydra (Lair:6)
  A merfolk avatar (Shoals:4)
  2 alligator snapping turtles
  3 death yaks (Lair:2)
  Sonja (Lair:1)
  A sea snake (Shoals:2)
  A wizard (D:11)
  A deep elf mage (D:11)
  A faun (Shoals:2)
  An ugly thing (D:11)
  A manticore (Shoals:4)
  4 elephants (Lair:4)
  2 merfolk sirens
  2 rime drakes
  8 merfolk
  A hornet (Lair:6)
  2 polar bears (Lair:6)
  A slime creature (D:11)
  3 blink frogs (Lair:4)
  A snapping turtle (Shoals:2)
  8 dream sheep
  5 spriggans (Lair:6)
  A yak (Lair:2)
  4 basilisks
  A porcupine (Lair:2)
  4 wolves
65 creatures vanquished.

Vanquished Creatures (others)
  18 fungi
  18 plants
  4 starspawn tentacles (Abyss:2)
40 creatures vanquished.

Grand Total: 934 creatures vanquished

Notes
Turn   | Place    | Note
-------+----------+-------------------------------------------
     0 | D:1      | tilp the Merfolk Ice Elementalist began the quest for the
                  | Orb.
     0 | D:1      | Reached XP level 1. HP: 13/13 MP: 3/3
   421 | D:1      | Reached XP level 2. HP: 9/19 MP: 0/5
   425 | D:1      | Learned a level 2 spell: Throw Frost
  1373 | D:2      | Reached XP level 3. HP: 24/24 MP: 2/6
  1599 | D:2      | Reached skill level 5 in Ice Magic
  1690 | D:2      | Found a runed door.
  1717 | D:2      | Reached XP level 4. HP: 30/30 MP: 3/7
  1959 | D:2      | Learned a level 3 spell: Ozocubu's Armour
  2425 | D:3      | Reached XP level 5. HP: 35/35 MP: 4/8
  2460 | D:3      | Found a glowing drain.
  2491 | D:3      | Reached skill level 1 in Shields
  2526 | D:3      | Noticed Jessica
  2563 | D:3      | Killed Jessica
  2580 | Sewer    | Entered a sewer
  2944 | Sewer    | Noticed a big kobold
  2960 | Sewer    | Killed a big kobold
  2960 | Sewer    | Reached XP level 6. HP: 35/41 MP: 1/9
  3462 | D:3      | Found a runed door.
  3463 | D:3      | Noticed CcS's ghost (amateur DDEE)
  3552 | D:3      | Noticed Sigmund
  3779 | D:3      | Noticed Natasha
  3786 | D:3      | Killed Natasha
  3786 | D:3      | Reached skill level 1 in Fighting
  4151 | D:3      | Noticed Natasha
  4164 | D:3      | Killed Natasha
  4189 | D:3      | Noticed Natasha
  4406 | D:3      | Killed Natasha
  4440 | D:4      | Found a white marble altar of Elyvilon.
  4534 | D:4      | Noticed Edmund
  4653 | D:4      | Found a staircase to the Ecumenical Temple.
  4658 | Temple   | Entered the Ecumenical Temple
  4708 | Temple   | Became a worshipper of Makhleb the Destroyer
  4884 | D:4      | Killed Edmund
  4884 | D:4      | Reached XP level 7. HP: 43/51 MP: 0/10
  5480 | D:4      | Found a sacrificial altar of Ru.
  5577 | D:5      | Entered Level 5 of the Dungeon
  6534 | D:5      | Found Wesoplax's Antique Weapon Shop.
  6803 | D:4      | Reached XP level 8. HP: 38/57 MP: 12/14
  6959 | D:5      | Found a glowing silver altar of Zin.
  6960 | D:5      | Found an opulent altar of Gozag.
  7223 | D:5      | Found a basalt altar of Yredelemnul.
  7454 | D:6      | Reached skill level 5 in Invocations
  7522 | D:6      | Found a radiant altar of Vehumet.
  7543 | D:6      | Reached skill level 1 in Polearms
  7644 | D:6      | Reached skill level 2 in Polearms
  7763 | D:6      | Reached * piety under Makhleb
  8088 | D:6      | Found Efuf's General Store.
  8150 | D:6      | Reached skill level 3 in Polearms
  8708 | D:6      | Reached skill level 4 in Polearms
  8723 | D:6      | Reached skill level 5 in Polearms
  9015 | D:7      | Reached skill level 6 in Polearms
  9051 | D:7      | Reached skill level 7 in Polearms
  9051 | D:7      | Reached XP level 9. HP: 32/62 MP: 5/15
  9238 | D:7      | Reached skill level 8 in Polearms
  9498 | D:7      | Reached skill level 9 in Polearms
  9711 | D:7      | Found a shadowy altar of Dithmenos.
  9711 | D:7      | Found a sparkling altar of Nemelex Xobeh.
  9839 | D:7      | Reached skill level 10 in Polearms
 10356 | D:7      | Reached ** piety under Makhleb
 10356 | D:7      | Reached skill level 11 in Polearms
 10649 | D:8      | Found a sand-covered staircase.
 10694 | Ossuary  | Entered an ossuary
 11446 | D:8      | Noticed a two-headed ogre
 11491 | D:8      | Reached skill level 12 in Polearms
 11638 | D:8      | Found Faepleeh's Jewellery Shop.
 11647 | D:8      | Found a staircase to the Lair.
 11664 | D:8      | Noticed Erica
 11666 | D:8      | Upgraded the game from 0.23-a0-635-g88ca12a to
                  | 0.23-a0-636-g0ff6057
 11704 | D:8      | Found a snail-covered altar of Cheibriados.
 11856 | D:8      | Found a transporter.
 12010 | D:8      | Found a transporter.
 12356 | D:8      | Reached skill level 13 in Polearms
 12356 | D:8      | Reached XP level 10. HP: 68/68 MP: 11/16
 12488 | D:9      | Noticed a two-headed ogre
 12827 | D:9      | Found a blossoming altar of Fedhas.
 12963 | D:9      | Reached skill level 14 in Polearms
 13065 | D:9      | Found Qyel's General Store.
 13394 | D:9      | Reached *** piety under Makhleb
 14181 | D:10     | Entered Level 10 of the Dungeon
 14197 | D:9      | Reached skill level 15 in Polearms
 14935 | D:11     | Reached skill level 16 in Polearms
 14974 | D:11     | Found Lizeorpho's Armour Shoppe.
 14978 | D:11     | Bought a +3 leather armour of fire resistance for 408 gold
                  | pieces
 15094 | D:11     | Noticed Josephine
 15324 | D:11     | Reached skill level 5 in Fighting
 15335 | D:11     | Reached XP level 11. HP: 71/81 MP: 15/17
 15381 | D:11     | Reached **** piety under Makhleb
 15401 | D:11     | Noticed a cyan ugly thing
 15434 | D:11     | Noticed a white ugly thing
 15588 | D:11     | Found a snail-covered altar of Cheibriados.
 15863 | D:2      | Noticed Crazy Yiuf
 15867 | D:2      | Killed Crazy Yiuf
 15918 | D:3      | Killed CcS's ghost
 15964 | D:3      | Killed Sigmund
 16135 | Lair:1   | Entered Level 1 of the Lair of Beasts
 16141 | Lair:1   | Learned a level 4 spell: Throw Icicle
 16146 | Lair:1   | Learned a level 4 spell: Summon Ice Beast
 16286 | Lair:1   | Noticed Nergalle
 16315 | Lair:1   | Killed Nergalle
 16536 | Lair:1   | Noticed Grum
 16552 | Lair:1   | Killed Grum
 16587 | Lair:1   | Reached skill level 1 in Conjurations
 16661 | Lair:1   | Noticed Sonja
 16951 | Lair:1   | Killed Sonja
 16951 | Lair:1   | Reached skill level 1 in Charms
 17206 | Lair:1   | Noticed an oklob plant
 17206 | Lair:1   | Noticed an oklob plant
 17206 | Lair:1   | Noticed an oklob plant
 17212 | Lair:1   | Learned a level 3 spell: Regeneration
 17462 | Lair:2   | Reached skill level 5 in Spellcasting
 18074 | Lair:2   | Reached XP level 12. HP: 37/88 MP: 7/21
 18135 | Lair:2   | Reached skill level 5 in Dodging
 18135 | Lair:2   | Reached skill level 1 in Necromancy
 18983 | Lair:3   | Noticed a death yak
 18985 | Lair:3   | Noticed a death yak
 18996 | Lair:3   | Noticed a death yak
 19025 | Lair:2   | Killed a death yak
 19318 | Lair:3   | Noticed a death yak
 19320 | Lair:3   | Noticed a death yak
 19347 | Lair:2   | Killed a death yak
 19629 | Lair:2   | Killed a death yak
 20101 | Lair:3   | Noticed a four-headed hydra
 20111 | Lair:3   | Killed a one-headed hydra
 20111 | Lair:3   | Reached skill level 10 in Ice Magic
 20787 | Lair:2   | Killed a death yak
 20930 | Lair:3   | Found a staircase to the Snake Pit.
 21331 | Lair:2   | Killed a death yak
 21331 | Lair:2   | Reached skill level 10 in Fighting
 21999 | Lair:4   | Reached XP level 13. HP: 95/104 MP: 19/22
 22640 | Lair:4   | Found a staircase to the Shoals.
 23804 | Lair:5   | Found a viscous altar of Jiyva.
 23804 | Lair:5   | Found a staircase to the Slime Pits.
 24226 | Lair:6   | Entered Level 6 of the Lair of Beasts
 25506 | Lair:6   | Learned a level 1 spell: Animate Skeleton
 25591 | Lair:6   | Noticed a dire elephant
 25602 | Lair:6   | Killed a dire elephant
 25687 | Lair:6   | Reached skill level 5 in Evocations
 26726 | Lair:6   | Learned a level 2 spell: Swiftness
 26746 | Lair:6   | Reached XP level 14. HP: 94/115 MP: 22/25
 29133 | D:11     | Killed Josephine
 29314 | D:12     | Noticed Tovarisch's ghost (journeyman OpWn)
 29337 | D:12     | Found a staircase to the Orcish Mines.
 29929 | D:12     | Found a runed gate.
 29929 | D:12     | Found a runed gate.
 29929 | D:12     | Found a runed gate.
 30007 | D:12     | Noticed Frances
 30099 | Orc:1    | Entered Level 1 of the Orcish Mines
 30814 | Shoals:1 | Entered Level 1 of the Shoals
 31259 | Shoals:1 | Learned a level 3 spell: Vampiric Draining
 31748 | Shoals:1 | Found Sippadif's Weapon Boutique.
 31891 | Shoals:1 | Reached skill level 15 in Ice Magic
 33639 | Shoals:2 | Reached XP level 15. HP: 52/122 MP: 13/27
 35250 | Shoals:2 | Reached skill level 10 in Dodging
 36472 | Shoals:3 | Reached skill level 5 in Charms
 37023 | Shoals:3 | Reached skill level 1 in Summonings
 37332 | Shoals:4 | Entered Level 4 of the Shoals
 38137 | Shoals:4 | Identified the cursed +1 ring mail of Zikk {+Inv Dex+3}
                  | (You found it on level 4 of the Shoals)
 38178 | Shoals:4 | Found an ancient bone altar of Kikubaaqudgha.
 38807 | Shoals:4 | Reached XP level 16. HP: 69/133 MP: 25/28
 38916 | Shoals:4 | Got a barnacled rune of Zot
 39962 | D:13     | Reached skill level 10 in Evocations
 39980 | D:13     | Found the +5 demon whip "Spellbinder" {antimagic, MR+}
 40091 | D:13     | Found Galuuzxe's Book Shoppe.
 40607 | D:13     | Reached ***** piety under Makhleb
 40622 | D:13     | Found a gate to the Vaults.
 40631 | D:13     | Cast into level 2 of the Abyss (a wizard)
 40632 | Abyss:2  | Found a corrupted altar of Lugonu.
 40665 | Abyss:2  | Found a corrupted altar of Lugonu.
 40667 | Abyss:2  | Noticed a revenant
 40671 | Abyss:2  | Paralysed by accursed screaming for 2 turns
 40677 | Abyss:2  | Paralysed by accursed screaming for 2 turns
 40773 | Abyss:2  | Noticed a lich
 40887 | Abyss:2  | Noticed a tentacled starspawn
 40899 | Abyss:2  | Killed a tentacled starspawn
 41072 | Abyss:2  | Paralysed by an apocalypse crab for 7 turns
 41099 | Abyss:2  | Noticed a tentacled starspawn
 41125 | Abyss:2  | Found a corrupted altar of Lugonu.
 41280 | D:13     | Escaped the Abyss
 41803 | D:13     | Found Zuoth's Book Shoppe.
 41806 | D:13     | Bought a book of Ice for 910 gold pieces
 42213 | D:14     | Reached skill level 10 in Invocations
 42935 | D:15     | Entered Level 15 of the Dungeon
 42956 | D:15     | Reached skill level 1 in Air Magic
 43012 | D:15     | Found an iron altar of Okawaru.
 43247 | D:15     | Found a staircase to the Depths.
 43790 | Orc:2    | Entered Level 2 of the Orcish Mines
 43944 | Orc:1    | Found a roughly hewn altar of Beogh.
 44027 | Orc:1    | Found Opoytel's Food Shoppe.
 44043 | Orc:1    | Reached XP level 17. HP: 138/139 MP: 26/29
 44368 | Orc:2    | Found Loadghede's Armour Emporium.
 44888 | Orc:2    | Reached ****** piety under Makhleb
 44945 | Orc:2    | Found Cutsyf's Jewellery Shop.
 44972 | Orc:2    | Bought the ring of Vetzaomic {rCorr +Fly rC+ Str+3} for 551
                  | gold pieces
 45215 | Orc:2    | Found Ruczeat's Gadget Shoppe.
 45215 | Orc:2    | Found Jifoa's Armour Boutique.
 45215 | Orc:2    | Found Miles's Jewellery Shop.
 45218 | Orc:2    | Found Qylia's Food Emporium.
 45485 | Orc:2    | Found Livil's Antique Armour Emporium.
 45970 | Orc:2    | Found Wolixoce's Weapon Shop.
 46132 | Orc:2    | Found Geor's General Store.
 46137 | Orc:2    | Found a staircase to the Elven Halls.
 46433 | Orc:2    | Bought the +0 buckler of Yhofubb {*Contam rPois rC++ rN+}
                  | for 445 gold pieces
 46713 | Orc:2    | Bought a +0 helmet for 63 gold pieces
 47558 | Snake:1  | Entered Level 1 of the Snake Pit
 47601 | Snake:1  | Reached skill level 5 in Conjurations
 47855 | Snake:1  | Found Fazib's Distillery.
 47863 | Snake:1  | Bought a potion of heal wounds for 80 gold pieces
 47863 | Snake:1  | Bought a potion of resistance for 160 gold pieces
 48245 | Snake:1  | Noticed Nikola
 48271 | Snake:1  | Killed from afar by Nikola

Vault maps used:
D:1:      psy_arrival_terrarium
D:2:      kennysheep_potato, uniq_crazy_yiuf_cottage
D:3:      gup_sewer_entry_glass, gammafunk_ghost_grave, uniq_sigmund,
          uniq_natasha, uniq_jessica
D:4:      kennysheep_mini_moat, elyvilon_altar_5,
          minmay_temple_entry_glassed_door, uniq_edmund
D:5:      grunt_temple_overflow_gold_and_silver,
          yredelemnul_forgotten_temple_becter, serial_shops,
          nicolae_shop_overgrown_old_shop, first_ration, st_stairs_8,
          corexii_shack
D:6:      vehumet_crystals, serial_shops, shop_coins, hangedman_decor_lopped
D:7:      gammafunk_temple_overflow_statue
D:8:      gammafunk_temple_overflow_arena, lair_entry_dummy,
          gup_ossuary_entry_pyramid, serial_shops, shop, uniq_erica
D:9:      old_standard_altar, serial_shops, shop, grunt_ogre_cave
D:11:     minmay_chambers_of_sixes, serial_shops, shop_statue, basic_altar,
          uniq_josephine
D:12:     orc_0_dummy, gammafunk_ghost_icy, uniq_frances
D:13:     david_vaults_1, serial_shops, nicolae_shop_behind_doors,
          shop_fountains
D:14:     st_stairs_8, minmay_fountain_box
D:15:     hangedman_depths_entry_try_elsewhere_first, basic_altar,
          minmay_tree_intersection
Temple:   nicolae_temple_hex_pool
Lair:1:   grunt_megastairs_2, minmay_lair_oklob_chamber, uniq_grum, uniq_sonja,
          uniq_nergalle
Lair:2:   infiniplex_staircase_pool_2
Lair:3:   guppyfry_snake_entry_island, grunt_megastairs_4, lemuel_fruit_tree,
          infiniplex_staircase_pool
Lair:4:   elwin_shoals_entry_rooms, lemuel_fruit_fields
Lair:5:   slime_altar_1, serial_bayou_shore_b
Lair:6:   minmay_lair_end_enchanted_forest
Shoals:1: serial_shops, nicolae_shop_competitors_out_of_business
Shoals:2: nicolae_shoals_mertower
Shoals:4: shoals_end_grunt_ice, nicolae_shoals_square_sea_wall,
          lemuel_altar_in_water
Snake:1:  serial_shops, nicolae_shop_crystal, uniq_nikola
Orc:1:    basic_altar, serial_shops, nicolae_shop_stone
Orc:2:    st_orc_rangers, serial_shops, nicolae_shop_behind_doors, shop, shop,
          shop, shop
Sewer:    sewer_co_15_rooms
Ossuary:  ossuary_minmay_tomb_2a

Skill      XL: |  1  2  3  4  5  6  7  8  9 10 11 12 13 14 15 16 17 |
---------------+----------------------------------------------------+-----
Ice Magic      | 4 5 6 8 10 12 15 | 15.8
Shields        | 3 4 |  4.0
Dodging        | 4 6 8 10 | 10.0
Fighting       | 2 5 6 10 12 14 | 14.5
Spellcasting   | 4 6 7 8 |  8.7
Invocations    | 2 5 10 | 10.0
Polearms       | 7 13 16 | 16.0
Evocations     | 4 6 8 10 | 10.0
Conjurations   | 2 4 5 |  5.1
Charms         | 4 6 |  6.0
Necromancy     | 2 |  2.0
Summonings     | 2 |  2.1
Air Magic      | 1 2 |  2.0
Stealth        | |  2.1

Action                   |  1- 3 |  4- 6 |  7- 9 | 10-12 | 13-15 | 16-18 || total
-------------------------+-------+-------+-------+-------+-------+-------++-------
Melee: Dagger            |    15 |    53 |   159 |       |       |       ||   227
       Trident           |       |       |   433 |   233 |       |       ||   666
       Halberd           |       |       |       |   545 |   882 |       ||  1427
       Scimitar          |       |       |       |     4 |     5 |       ||     9
       Demon trident     |       |       |       |       |   551 |   979 ||  1530
       Tailslap          |       |       |       |       |    15 |     5 ||    20
Throw: Stone             |    49 |    28 |       |       |       |       ||    77
       Tomahawk          |       |       |    12 |    18 |    34 |     2 ||    66
 Cast: Freeze            |    41 |   108 |   115 |    53 |    48 |    11 ||   376
       Throw Frost       |       |     2 |    10 |    42 |   154 |    13 ||   221
       Ozocubu's Armour  |       |     1 |    32 |    68 |   119 |    53 ||   273
       Throw Icicle      |       |       |       |    17 |    96 |    44 ||   157
       Regeneration      |       |       |       |       |    58 |    21 ||    79
       Summon Ice Beast  |       |       |       |       |    19 |     3 ||    22
       Vampiric Draining |       |       |       |       |     3 |       ||     3
       Swiftness         |       |       |       |       |     1 |       ||     1
Invok: Lesser Servant of |       |       |       |    27 |    43 |     4 ||    74
       Minor Destruction |       |       |       |     1 |       |       ||     1
Evoke: Wand              |       |       |    11 |       |     3 |       ||    14
  Use: Scroll            |       |    12 |     8 |    12 |     7 |    12 ||    51
       Potion            |       |     1 |       |     3 |     4 |     2 ||    10
 Stab: Sleeping          |     2 |     2 |    10 |     7 |     4 |     9 ||    34
       Distracted        |       |       |     2 |     2 |    15 |     1 ||    20
       Petrified         |       |       |       |       |       |     2 ||     2
  Eat: Chunk             |     3 |    10 |    17 |    36 |    56 |    26 ||   148
       Ration            |       |     1 |     4 |     1 |     4 |     3 ||    13
Armor: Robe              |     8 |     1 |       |       |    24 |       ||    33
       Leather armour    |       |    29 |   151 |   226 |   315 |   125 ||   846
Dodge: Dodged            |    33 |    70 |   336 |   419 |   789 |   461 ||  2108
Block: Buckler           |       |    13 |   140 |    36 |   111 |   185 ||   485
       Rpst.: Scimitar   |       |       |       |     5 |     1 |       ||     6

Table legend:
 A = Non-vault XP
 B = Vault XP
 C = Vault XP percentage of total XP
 D = Non-vault monster count
 E = Vault monster count
 F = Vault count percentage of total count
                 A         B        C        D         E       F
            +---------+---------+-------+---------+---------+-------
      Total |  152278 |   45881 |  23.2 |     688 |     205 |  23.0
            +---------+---------+-------+---------+---------+-------
        D:1 |      23 |       0 |   0.0 |      15 |       0 |   0.0
        D:2 |     123 |      52 |  29.7 |      27 |       2 |   6.9
        D:3 |     136 |     525 |  79.4 |      16 |       9 |  36.0
        D:4 |     298 |     166 |  35.8 |      13 |       1 |   7.1
        D:5 |     402 |       4 |   1.0 |      12 |       2 |  14.3
        D:6 |     716 |       0 |   0.0 |      22 |       0 |   0.0
        D:7 |    1784 |       0 |   0.0 |      45 |       0 |   0.0
        D:8 |    1646 |    1043 |  38.8 |      17 |       5 |  22.7
        D:9 |    2746 |     118 |   4.1 |      27 |       1 |   3.6
       D:10 |     833 |       0 |   0.0 |      14 |       0 |   0.0
       D:11 |    4890 |    2795 |  36.4 |      37 |      11 |  22.9
       D:12 |    2379 |       0 |   0.0 |      15 |       0 |   0.0
       D:13 |    9068 |    3155 |  25.8 |      30 |       4 |  11.8
       D:14 |    6111 |     553 |   8.3 |      26 |       1 |   3.7
       D:15 |    5916 |    1685 |  22.2 |      16 |       4 |  20.0
     Lair:1 |    2763 |    2097 |  43.1 |      14 |       8 |  36.4
     Lair:2 |    9157 |       0 |   0.0 |      34 |       0 |   0.0
     Lair:3 |    7043 |     468 |   6.2 |      33 |       3 |   8.3
     Lair:4 |    6804 |     173 |   2.5 |      24 |       1 |   4.0
     Lair:5 |    4240 |       0 |   0.0 |      18 |       0 |   0.0
     Lair:6 |    8388 |    8136 |  49.2 |      35 |      48 |  57.8
   Shoals:1 |   12217 |       0 |   0.0 |      30 |       0 |   0.0
   Shoals:2 |   16429 |    3915 |  19.2 |      34 |       6 |  15.0
   Shoals:3 |   10030 |     232 |   2.3 |      23 |       1 |   4.2
   Shoals:4 |    9230 |   15127 |  62.1 |      15 |      26 |  63.4
    Snake:1 |    3741 |       0 |   0.0 |       6 |       0 |   0.0
      Orc:1 |    7658 |       0 |   0.0 |      32 |       0 |   0.0
      Orc:2 |    4691 |    5214 |  52.6 |      35 |      36 |  50.7
    Abyss:2 |   12816 |       0 |   0.0 |      23 |       0 |   0.0
      Sewer |       0 |     178 | 100.0 |       0 |      20 | 100.0
    Ossuary |       0 |     245 | 100.0 |       0 |      16 | 100.0
            +---------+---------+-------+---------+---------+-------
